AoeStats
← _vishi_

Lombardia

509412052Analyzed
4v4 RM · 6d ago on Sep 26, 2026· 22m 5s· 8 players
Game mode
Random Map
Map size
Large (8 player)
Population
200
Speed
Normal
Resources
Standard
Victory
Conquest
Starting age
Dark Age
Ending age
Imperial Age
RankedLock teamsTeams togetherTeam positionsShared explorationLock speedFull tech treeHidden civsTurbo modeCheats
Victory
Defeat
🇺🇸 Varangians · United States
1361
+13
🇮🇹 Franks · Italy
1339
+14
🇨🇴 Varangians · Colombia
1338
+14
🇺🇸 Danes · United States
1329
+15
🇮🇳 Persians · India
1365
-16
🇧🇷 Dravidians · Brazil
1302
-14
🇫🇷 Shu · France
1284
-13
🇨🇳 Inca · China
1265
-13
mca_018
6:47 Loom
9:21 Feudal Age
10:44 Double-Bit Axe
12:03 Horse Collar
13:46 Bloodlines
20:56 Castle Age
20:07 Gold Mining
22:48 Scale Barding Armor
The_Reverend
7:37 Loom
10:23 Feudal Age
11:39 Double-Bit Axe
12:42 Horse Collar
20:42 Castle Age
19:08 Gold Mining
19:39 Bloodlines
20:41 Scale Barding Armor
20:53 Forging
21:40 Husbandry
Dirty Dave
8:15 Loom
10:40 Feudal Age
15:27 Castle Age
14:49 Double-Bit Axe
15:04 Horse Collar
17:09 Bow Saw
21:03 Arson
Shenk
6:37 Loom
9:01 Feudal Age
9:35 Double-Bit Axe
17:12 Scale Barding Armor
18:59 Wheelbarrow
19:01 Forging
21:52 Castle Age
laofengzi
10:56 Feudal Age
15:27 Castle Age
14:01 Double-Bit Axe
Sahraoui
6:37 Loom
9:23 Feudal Age
10:04 Double-Bit Axe
16:04 Horse Collar
17:05 Wheelbarrow
16:36 Gold Mining
_vishi_
6:41 Loom
9:12 Feudal Age
12:06 Double-Bit Axe
14:22 Horse Collar
18:00 Bloodlines
18:51 Forging
24:19 Castle Age
Kuroko
5:15 Loom
11:43 Feudal Age
16:45 Castle Age
18:51 Forging
Connection lost

Rejoining the realm…

Still unreachable

The connection could not be restored.

Session expired

The server has moved on; the page needs a fresh start.